 Dungeon Crawl Stone Soup version 0.28.0-45-g0d030f2227 (webtiles) character file.

Game seed: 1293661398310252232

74 NinjaNoafa the Grasshopper (level 4, 0/38 HPs)
             Began as a Gnoll Warper on Apr 19, 2022.
             Was an Initiate of Vehumet.
             Slain by a bullfrog (8 damage)
             ... on level 3 of the Dungeon.
             The game lasted 00:03:55 (2347 turns).

NinjaNoafa the Grasshopper (Gnoll Warper)           Turns: 2347, Time: 00:03:56

Health: 0/38       AC:  2    Str: 11    XL:     4   Next: 30%
Magic:  9/11       EV: 13    Int: 14    God:    Vehumet [......]
Gold:   63         SH:  0    Dex: 13    Spells: 11/13 levels left

rFire   . . .      SeeInvis .   a - +0 hand axe
rCold   . . .      Faith    .   (no shield)
rNeg    . . .      Spirit   .   b - +0 leather armour
rPois   .          Reflect  .   e - +1 hat
rElec   .          Harm     .   (no cloak)
rCorr   .          Rampage  .   (no gloves)
Will    .....                   (no boots)
Stlth   +.........              (no amulet)
HPRegen 0.12/turn               (no ring)
MPRegen 0.12/turn               (no ring)

@: on berserk cooldown, on blink cooldown, slowed, very slow
A: fangs 1, strong nose, distributed training, agile 1, deformed body
a: Renounce Religion


You were on level 3 of the Dungeon.
You worshipped Vehumet.
Vehumet was noncommittal.
You visited 1 branch of the dungeon, and saw 3 of its levels.

You collected 63 gold pieces.

Inventory:

Hand Weapons
 a - a +0 hand axe (weapon)
Missiles
 d - 5 boomerangs of dispersal (quivered)
 f - 93 stones
 i - 2 boomerangs
Armour
 b - a +0 leather armour (worn)
 e - a +1 hat (worn)
 n - an orb of wrath
Scrolls
 c - 2 scrolls of blinking
 g - a scroll of amnesia {unknown}
 h - 2 scrolls of torment {unknown}
 k - a scroll of acquirement {unknown}


   Skills:
 + Level 4.6 Fighting
 + Level 1.1 Short Blades
 + Level 1.1 Long Blades
 + Level 4.6 Axes
 + Level 1.1 Maces & Flails
 + Level 1.1 Polearms
 + Level 1.1 Staves
 + Level 1.1 Slings
 + Level 1.1 Bows
 + Level 1.1 Crossbows
 + Level 2.7 Throwing
 + Level 2.7 Armour
 + Level 4.6 Dodging
 + Level 1.1 Stealth
 + Level 1.1 Shields
 + Level 1.1 Unarmed Combat
 + Level 5.0 Spellcasting
 + Level 0.8 Conjurations
 + Level 0.8 Hexes
 + Level 0.8 Summonings
 + Level 0.8 Necromancy
 + Level 5.4 Translocations
 + Level 0.8 Transmutations
 + Level 0.8 Fire Magic
 + Level 0.8 Ice Magic
 + Level 0.8 Air Magic
 + Level 0.8 Earth Magic
 + Level 0.8 Poison Magic
 + Level 1.2 Invocations
 + Level 1.1 Evocations


You had 11 spell levels left.
You knew the following spells:

 Your Spells              Type           Power      Damage    Failure   Level
a - Blink                 Tloc           36%        N/A       3%          2

Your spell library contained the following spells:

 Spells                   Type           Power      Damage    Failure   Level
 Gell's Gravitas          Tloc           18%        N/A       7%          3
 Lesser Beckoning         Tloc           18%        N/A       7%          3
 Teleport Other           Tloc           18%        N/A       7%          3
 Manifold Assault         Tloc           18%        N/A       54%         5


Dungeon Overview and Level Annotations

Branches:
Dungeon (3/15)

Altars:
Vehumet


Innate Abilities, Weirdness & Mutations

You have very sharp teeth.
Your uncanny sense of smell can sniff out nearby items.
Your experience applies equally to all skills.
You are agile. (Dex +2)
Armour fits poorly on your strangely shaped body.


Message History

The bullfrog misses you. The bullfrog completely misses you.
The bullfrog barely misses you.
The bullfrog hits you but does no damage.
Things that are here:
a +0 flail; a +0 scale mail; an orc corpse The bullfrog closely misses you.
The bullfrog misses you.
The bullfrog snags a nearby moth with its tongue.
The bullfrog barely misses you. The bullfrog barely misses you.
Okay, then.
The bullfrog hits you but does no damage.
The bullfrog hits you.
* * * LOW HITPOINT WARNING * * *
You feel much better. The bullfrog hits you. The bullfrog hits you!
* * * LOW HITPOINT WARNING * * *
You feel much better. The bullfrog hits you. The bullfrog barely misses you.
The bullfrog barely misses you. The bullfrog misses you.
You start removing your armour.
You continue taking off your orb of wrath.
The bullfrog hits you.
Keep disrobing?
The bullfrog misses you. The bullfrog barely misses you.
You continue taking off your orb of wrath.
You hear the rusting of a very distant drain.
The bullfrog barely misses you. The bullfrog hits you.
You continue taking off your orb of wrath.
The bullfrog barely misses you.
The bullfrog hits you but does no damage.
You continue taking off your orb of wrath.
The bullfrog closely misses you. The bullfrog hits you.
You finish taking off your orb of wrath.
The bullfrog hits you. The bullfrog barely misses you. The bullfrog hits you!
* * * LOW HITPOINT WARNING * * *
Casting: Blink (safe; 3% risk of failure)
Confirm with . or Enter, or press ? or * to list all spells.
You blink.
The bullfrog hits you!
You die...

.#########..... .
............... .
#........
#.###.#.# #.#
#.#.# #.# #.#.#
#)# #.#.# #+#
#.###.#.# #.#
#...@...# #.#
#####F### ##.##
#.# ##...## #ยง#
###.....# #.#
#........
#.#######.#.#.##.
#...........####.
############# ##


You could see a bullfrog.

Vanquished Creatures
  2 adders (D:2)
  A worm (D:2)
  2 dart slugs (D:2)
  An orc (D:3)
  4 endoplasms
  A giant cockroach (D:2)
  5 goblins
  6 hobgoblins
  4 jackals (D:1)
  A quokka (D:1)
  4 ball pythons
  7 bats
  4 frilled lizards
  4 kobolds
  A rat (D:3)
47 creatures vanquished.

Notes
Turn   | Place    | Note
-------+----------+-------------------------------------------
     0 | D:1      | NinjaNoafa the Gnoll Warper began the quest for the Orb.
     0 | D:1      | Reached XP level 1. HP: 20/20 MP: 6/6
    80 | D:1      | Reached XP level 2. HP: 15/26 MP: 7/7
   298 | D:1      | Learned a level 2 spell: Blink
   537 | D:1      | Reached XP level 3. HP: 14/31 MP: 6/9
   544 | D:1      | Reached skill level 5 in Spellcasting
  1417 | D:2      | Reached skill level 1 in Invocations
  1687 | D:2      | Reached skill level 1 in Short Blades
  1687 | D:2      | Reached skill level 1 in Long Blades
  1687 | D:2      | Reached skill level 1 in Maces & Flails
  1687 | D:2      | Reached skill level 1 in Polearms
  1687 | D:2      | Reached skill level 1 in Staves
  1687 | D:2      | Reached skill level 1 in Slings
  1687 | D:2      | Reached skill level 1 in Bows
  1687 | D:2      | Reached skill level 1 in Crossbows
  1687 | D:2      | Reached skill level 1 in Stealth
  1687 | D:2      | Reached skill level 1 in Shields
  1687 | D:2      | Reached skill level 1 in Unarmed Combat
  1687 | D:2      | Reached skill level 1 in Evocations
  1687 | D:2      | Reached XP level 4. HP: 30/38 MP: 11/11
  1825 | D:2      | Found a radiant altar of Vehumet.
  1834 | D:2      | Became a worshipper of Vehumet
  2317 | D:3      | Noticed a bullfrog
  2321 | D:3      | Gained mutation: You are dopey. (Int -2) [potion of
                  | mutation]
  2321 | D:3      | Gained mutation: Armour fits poorly on your strangely
                  | shaped body. [potion of mutation]
  2321 | D:3      | Lost mutation: You are dopey. (Int -2) [potion of mutation]
  2321 | D:3      | Gained mutation: You are agile. (Dex +2) [potion of
                  | mutation]
  2337 | D:3      | HP: 1/38 [bullfrog (6)]
  2347 | D:3      | Slain by a bullfrog

Illustrated notes

Levels and vault maps discovered:
D:1:      psy_arrival_statuary, layout_basic
D:2:      layout_loops_cross, basic_altar, roderic_lattice_a
D:3:      layout_loops_corners, gup_sewer_entry_pipe,
          gammafunk_ghost_gnarly_gnolls, ebering_ecumenical_altar_mist

Skill      XL: |  1  2  3 |
---------------+----------+-----
Spellcasting   | 5 |  5.0
Invocations    | 1 |  1.2
Short Blades   | 1 |  1.1
Long Blades    | 1 |  1.1
Maces & Flails | 1 |  1.1
Polearms       | 1 |  1.1
Staves         | 1 |  1.1
Slings         | 1 |  1.1
Bows           | 1 |  1.1
Crossbows      | 1 |  1.1
Stealth        | 1 |  1.1
Shields        | 1 |  1.1
Unarmed Combat | 1 |  1.1
Evocations     | 1 |  1.1
Fighting       | |  4.6
Axes           | |  4.6
Throwing       | |  2.7
Armour         | |  2.7
Dodging        | |  4.6
Conjurations   | |  0.8
Hexes          | |  0.8
Summonings     | |  0.8
Necromancy     | |  0.8
Translocations | |  5.4
Transmutations | |  0.8
Fire Magic     | |  0.8
Ice Magic      | |  0.8
Air Magic      | |  0.8
Earth Magic    | |  0.8
Poison Magic   | |  0.8

Action                   |  1- 3 |  4- 6 || total
-------------------------+-------+-------++-------
Melee: Hand axe          |   118 |    36 ||   154
       Bite              |     8 |     4 ||    12
       Punch             |     2 |       ||     2
 Cast: Blink             |     3 |     1 ||     4
  Use: Potion            |       |     5 ||     5
 Stab: Sleeping          |     1 |       ||     1
Armor: Leather armour    |    56 |    12 ||    68
Dodge: Dodged            |   102 |    48 ||   150
